AoeStats
← ITVE | Jose.Antonio.Paez

Arabia

509683737Analyzed
1v1 RM · 5d ago on Sep 27, 2026· 22m 27s· 2 players
Game mode
Random Map
Map size
Tiny (2 player)
Population
200
Speed
Normal
Resources
Standard
Victory
Conquest
Starting age
Dark Age
Ending age
Imperial Age
RankedLock teamsTeams togetherTeam positionsShared explorationLock speedFull tech treeHidden civsTurbo modeCheats
Victory
Defeat
🇩🇰 Saxons · Denmark
1086
+17
🇺🇸 Romans · United States
1106
-17
Rawrbek?
7:14 Loom
9:57 Feudal Age
10:31 Double-Bit Axe
13:01 Horse Collar
13:47 Fletching
20:48 Castle Age
ITVE | Jose.Antonio.Paez
7:46 Loom
9:56 Feudal Age
13:43 Castle Age
Connection lost

Rejoining the realm…

Still unreachable

The connection could not be restored.

Session expired

The server has moved on; the page needs a fresh start.